 Dungeon Crawl Stone Soup version 0.26.1-11-gd32895ea62 (webtiles) character file.

Game seed: 6762018056090729125

127 Almogavar the Slasher (level 4, -3/41 HPs)
             Began as a Minotaur Berserker on July 8, 2021.
             Was a Believer of Trog.
             Slain by an ogre
             ... wielding a +0 giant club
              (18 damage)
             ... on level 4 of the Dungeon.
             The game lasted 00:06:28 (2961 turns).

Almogavar the Slasher (Minotaur Berserker)          Turns: 2961, Time: 00:06:29

Health: -3/41      AC:  5    Str: 22    XL:     4   Next: 85%
Magic:  3/3        EV: 12    Int:  4    God:    Trog [**....]
Gold:   264        SH:  0    Dex: 10    Spells: 3/3 levels left

rFire    . . .     SeeInvis .   a - +0 falchion
rCold    . . .     Faith    .   (no shield)
rNeg     . . .     Spirit   .   p - +1 robe {Will+}
rPois    +         Reflect  .   (helmet restricted)
rElec    .         Harm     .   l - +0 cloak
rCorr    .         Rampage  .   k - +0 pair of gloves
Will     +....                  (no boots)
Stlth    +.........             e - amulet of the acrobat
HPRegen  0.13/turn              i - ring of poison resistance
MPRegen  0.08/turn              (no ring)

@: no status effects
A: retaliatory headbutt, horns 2
a: Renounce Religion, Berserk, Trog's Hand


You were on level 4 of the Dungeon.
You worshipped Trog.
Trog was pleased with you.
You visited 1 branch of the dungeon, and saw 4 of its levels.

You collected 264 gold pieces.

Inventory:

Hand Weapons
 a - a +0 falchion (weapon)
 b - a +0 hunting sling
Missiles
 d - 30 sling bullets
 g - 169 stones
 q - 29 bolts
Armour
 h - a +0 ring mail
 k - a +0 pair of gloves (worn)
 l - a +0 cloak (worn)
 m - a +0 scale mail
 p - a +1 robe of willpower (worn)
Jewellery
 e - an amulet of the acrobat (around neck)
 i - a ring of poison resistance (left hand)
Scrolls
 c - a scroll of identify
 f - 2 scrolls of enchant weapon
 n - 2 scrolls of remove curse
Potions
 j - a potion of haste
 o - 2 potions of magic
 r - a potion of heal wounds
 s - 2 potions of curing {unknown}


   Skills:
 + Level 4.7 Fighting
 + Level 5.4 Long Blades
 + Level 2.8 Armour
 + Level 2.9 Dodging


You had 3 spell levels left.
You didn't know any spells.
Your spell library was empty.

Dungeon Overview and Level Annotations

Branches:
Dungeon (4/15)
 Temple: D:4-7

Altars:
Fedhas
Gozag
Yredelemnul
The Shining One


Innate Abilities, Weirdness & Mutations

You reflexively headbutt those who attack you in melee.
You have a pair of horns on your head.


Message History

The ogre completely misses you. You furiously retaliate!
You headbutt the ogre. You barely miss the ogre.
The ogre is lightly wounded.
The hound barks!
A howler monkey comes into view.
The ogre hits you with a +0 giant club!
The howler monkey howls!
You hit the ogre.
The ogre is lightly wounded.
You hear the slow rusting of a very distant drain.
The howler monkey hoots and howls with incredible vigour!
You hear a shout! x2
You slash the ogre! You headbutt the ogre!
The ogre is almost dead.
The ogre hits you with a +0 giant club!
Okay, then.
You barely miss the ogre. Your headbutt misses the ogre.
The ogre is severely wounded.
The ogre hits you with a +0 giant club!!
You die...

.........## ....
..........# .
##.... ..........#
.. #.... .........#
..h
#...######.......#
.... #.....
........... .....
...# #......##
#....##..# #......#
#.O@#.# #......#
####..##+###......#
##..........####
#.........##
#..##.......#
##.######..## ###
####


You could see an ogre and a howler monkey (catching breath).

Vanquished Creatures
  Robin (D:2)
  A howler monkey skeleton (D:4)
  2 adders (D:3)
  An ooze (D:3)
  2 worms
  2 dart slugs (D:1)
  5 leopard geckos
  An orc (D:3)
  8 bats
  A giant cockroach (D:1)
  15 goblins
  8 hobgoblins
  2 jackals (D:1)
  6 kobolds
  5 frilled lizards
  8 rats
68 creatures vanquished.

Notes
Turn   | Place    | Note
-------+----------+-------------------------------------------
     0 | D:1      | Almogavar the Minotaur Berserker began the quest for the
                  | Orb.
     0 | D:1      | Reached XP level 1. HP: 19/19 MP: 0/0
   281 | D:1      | Reached skill level 4 in Long Blades
   281 | D:1      | Reached XP level 2. HP: 25/27 MP: 1/1
   699 | D:1      | Reached XP level 3. HP: 27/33 MP: 2/2
  1066 | D:2      | Reached ** piety under Trog
  1173 | D:2      | Noticed Robin
  1184 | D:2      | Killed Robin
  1353 | D:2      | Found a blossoming altar of Fedhas.
  1457 | D:2      | Found an opulent altar of Gozag.
  1532 | D:2      | Reached XP level 4. HP: 38/41 MP: 3/3
  1690 | D:2      | Found a basalt altar of Yredelemnul.
  1692 | D:2      | Noticed a profane servitor
  1711 | D:2      | Found a glowing golden altar of the Shining One.
  1714 | D:2      | Noticed an angel
  1997 | D:3      | Reached skill level 5 in Long Blades
  2337 | D:3      | Found a faded altar of an unknown god.
  2949 | D:4      | Noticed an ogre
  2961 | D:4      | Slain by an ogre

Illustrated notes

Levels and vault maps discovered:
D:1:      lightli_arrival_boilingwater, layout_rooms, minmay_statues_item,
          grunt_decor_junction
D:2:      layout_loops_cross, grunt_temple_overflow_holy_war, marbit_many_paths,
          nicolae_gozag_seed_capital, uniq_robin
D:3:      layout_loops_corners, chequers_ecumenical_altar_simple,
          minmay_quadrilaterals
D:4:      cheibrodos_greedy_goblins, layout_cave_pods,
          minmay_temple_entry_sparse_star, cheibrodos_sewer_entry_sluice,
          serial_shops, shop, corexii_checkpoint_a, minmay_quantized

Skill      XL: |  1  2  3  4 |
---------------+-------------+-----
Long Blades    | 4 5 |  5.4
Fighting       | 4 |  4.7
Armour         | |  2.8
Dodging        | |  2.9

Action                   |  1- 3 |  4- 6 || total
-------------------------+-------+-------++-------
Melee: Falchion          |    77 |    56 ||   133
       Headbutt          |     8 |    12 ||    20
Invok: Berserk           |     2 |       ||     2
       Trog's Hand       |     1 |       ||     1
  Use: Scroll            |       |     9 ||     9
Armor: Animal skin       |    21 |       ||    21
       Leather armour    |     1 |       ||     1
       Robe              |       |    12 ||    12
Dodge: Dodged            |    64 |    29 ||    93
       Rpst.: Falchion   |    12 |     8 ||    20
